 Dungeon Crawl Stone Soup version 0.28.0 (webtiles) character file.

Game seed: 10351942363240689033

273 HallandMoats the Skirmisher (level 6, -1/49 HPs)
             Began as a Demonspawn Fighter on Feb 8, 2022.
             Slain by Grinder (5 damage)
             ... while paralysed by Grinder
             ... on level 4 of the Dungeon.
             The game lasted 00:03:20 (3849 turns).

HallandMoats the Skirmisher (Demonspawn Fighter)    Turns: 3849, Time: 00:03:22

Health: -1/49      AC: 11    Str: 18    XL:     6   Next: 2%
Magic:  6/6        EV:  2    Int: 10    God:
Gold:   105        SH:  0    Dex: 12    Spells: 5/5 levels left

rFire   . . .      SeeInvis +   a - +0 war axe
rCold   . . .      Faith    .   c - +0 buckler
rNeg    . . .      Spirit   .   b - +0 scale mail
rPois   .          Reflect  .   (no helmet)
rElec   .          Harm     .   (no cloak)
rCorr   .          Rampage  .   k - +0 pair of gloves
Will    .....                   (no boots)
Stlth   ..........              (no amulet)
HPRegen 0.16/turn               i - ring of see invisible
MPRegen 0.10/turn               (no ring)

@: paralysed, mighty
A: slimy green scales 2, ignite blood 2
a: no special abilities


You were on level 4 of the Dungeon.
You visited 1 branch of the dungeon, and saw 4 of its levels.

You collected 105 gold pieces.

Inventory:

Hand Weapons
 a - a +0 war axe (weapon)
Armour
 b - a +0 scale mail (worn)
 c - a +0 buckler (worn)
 k - a +0 pair of gloves (worn)
Jewellery
 i - a ring of see invisible (left hand)
Wands
 o - a wand of iceblast (11)
Scrolls
 e - 6 scrolls of identify {unknown}
 l - 2 scrolls of teleportation {unknown}
 n - a scroll of immolation {unknown}
 p - a scroll of fog {unknown}
Potions
 f - a potion of cancellation {unknown}
 g - 2 potions of brilliance {unknown}
 h - 2 potions of attraction {unknown}
 j - a potion of haste {unknown}
 m - 2 potions of curing {unknown}


   Skills:
 * Level 4.5 Fighting
 * Level 3.3 Axes
 + Level 3.3 Armour
 + Level 1.7 Dodging
 + Level 3.3 Shields


You had 5 spell levels left.
You didn't know any spells.
Your spell library was empty.

Dungeon Overview and Level Annotations

Branches:
Dungeon (4/15)
 Temple: D:4-7

Altars:

Annotations:
D:4 Grinder


Innate Abilities, Weirdness & Mutations

You are mostly covered in slimy green scales. (AC +3)
Your demonic aura often causes spilled blood to erupt in flames.


Message History

You swing at nothing.
Grinder barely misses you.
You closely miss Grinder. Grinder hits you.
You hit Grinder.
Grinder is lightly wounded.
Grinder closely misses you. Grinder barely misses you.
You closely miss Grinder.
Grinder is lightly wounded.
Grinder hits you but does no damage.
You closely miss Grinder.
Grinder is lightly wounded.
Grinder closely misses you.
You closely miss Grinder.
Grinder is lightly wounded.
Grinder closely misses you. Grinder hits you.
You writhe in agony.
You closely miss Grinder.
Grinder is lightly wounded.
Grinder says, "Wait up."
Grinder gestures at you.
You suddenly lose the ability to move!
Grinder hits you but does no damage.
You can move again.
Unknown command.
You hit Grinder.
Grinder is moderately wounded.
You block Grinder's attack. Grinder hits you.
You writhe in agony.
* * * LOW HITPOINT WARNING * * *
You closely miss Grinder.
Grinder is moderately wounded.
Grinder gestures at you. You resist with significant effort.
You hit Grinder.
Grinder is moderately wounded.
Grinder hits you but does no damage.
You slash Grinder!
Grinder is severely wounded.
Grinder gestures at you.
You suddenly lose the ability to move!
Grinder hits you!
* * * LOW HITPOINT WARNING * * *
You writhe in agony.
You die...

#.#................
#.#.....###########
#.#.....# #.#.....#
#.####### #.# #.#
#######.#########
........5@.......
#######.#########
#.# #.# #.. ###


You could see Grinder.

Vanquished Creatures
  A black bear (D:4)
  An iguana (D:4)
  An orc wizard (D:3)
  4 adders
  4 worms
  4 dart slugs
  7 orcs
  6 ball pythons
  3 endoplasms (D:2)
  3 giant cockroaches (D:2)
  8 goblins
  5 hobgoblins
  6 jackals
  A quokka (D:3)
  2 bats
  5 kobolds
  4 rats
65 creatures vanquished.

Notes
Turn   | Place    | Note
-------+----------+-------------------------------------------
     0 | D:1      | HallandMoats the Demonspawn Fighter began the quest for the
                  | Orb.
     0 | D:1      | Reached XP level 1. HP: 18/18 MP: 1/1
   494 | D:1      | Gained mutation: You are partially covered in slimy green
                  | scales. (AC +2) [demonic ancestry]
   494 | D:1      | Reached XP level 2. HP: 20/24 MP: 2/2
  1118 | D:2      | Reached XP level 3. HP: 28/29 MP: 3/3
  1331 | D:2      | Reached skill level 1 in Dodging
  1335 | D:2      | Gained mutation: You are mostly covered in slimy green
                  | scales. (AC +3) [demonic ancestry]
  1335 | D:2      | Reached XP level 4. HP: 4/37 MP: 4/4
  2060 | D:2      | Found a faded altar of an unknown god.
  2523 | D:3      | Identified the +0 ring mail of the Orb {Int+4}
  2675 | D:3      | Reached skill level 4 in Fighting
  3117 | D:4      | Gained mutation: Your demonic aura sometimes causes spilled
                  | blood to erupt in flames. [demonic ancestry]
  3117 | D:4      | Reached XP level 5. HP: 42/42 MP: 5/5
  3177 | D:4      | Noticed a black bear
  3433 | D:4      | Killed a black bear
  3749 | D:4      | Gained mutation: Your demonic aura often causes spilled
                  | blood to erupt in flames. [demonic ancestry]
  3749 | D:4      | Reached XP level 6. HP: 49/49 MP: 6/6
  3825 | D:4      | Noticed Grinder
  3830 | D:4      | Paralysed by Grinder for 6 turns
  3844 | D:4      | Paralysed by Grinder for 2 turns
  3849 | D:4      | Paralysed by Grinder for 2 turns
  3849 | D:4      | Slain by Grinder

Illustrated notes

Levels and vault maps discovered:
D:1:      kennysheep_arrival_forest, layout_loops_ring
D:2:      minmay_evil_eye, layout_loops_corners, nicolae_ecumenical_lake_church,
          minmay_hexomino_p4
D:3:      layout_loops_ring
D:4:      layout_basic, uniq_grinder, uniq_eustachio

Skill      XL: |  1  2  3  4  5 |
---------------+----------------+-----
Axes           | 2 3 |  3.3
Armour         | 3 |  3.3
Dodging        | 1 |  1.7
Shields        | 3 |  3.3
Fighting       | 4 |  4.5

Action                   |  1- 3 |  4- 6 || total
-------------------------+-------+-------++-------
Melee: War axe           |   100 |   112 ||   212
  Use: Potion            |       |     1 ||     1
Armor: Scale mail        |    57 |    70 ||   127
Dodge: Dodged            |    53 |    54 ||   107
Block: Buckler           |    25 |    19 ||    44
